 Dungeon Crawl Stone Soup version 0.28-a0-793-g31680bbd8b (webtiles) character file.

Game seed: 6337480167603585885

905 croobank the Archer (level 7, -1/40 HPs)
             Began as a Deep Elf Hedge Wizard on Nov 4, 2021.
             Was an Initiate of Qazlal.
             Slain by an orc wizard (4 damage)
             ... on level 5 of the Dungeon.
             The game lasted 00:42:55 (3896 turns).

croobank the Archer (Deep Elf Hedge Wizard)         Turns: 3896, Time: 00:42:56

Health: -1/40      AC:  5    Str:  9    XL:     7   Next: 80%
Magic:  11/18      EV: 14    Int: 19    God:    Qazlal [......]
Gold:   276        SH:  0    Dex: 17    Spells: 1/18 levels left

rFire   . . .      SeeInvis +   d - +8 longbow "Zephyr" {speed, Dex+3 SInv}
rCold   . . .      Faith    .   (shield currently unavailable)
rNeg    . . .      Spirit   .   l - +2 robe {Will+}
rPois   .          Reflect  .   c - +0 hat
rElec   .          Harm     .   (no cloak)
rCorr   .          Rampage  .   n - +0 pair of gloves
Will    +....                   (no boots)
Stlth   +++.......              (no amulet)
HPRegen 0.13/turn               (no ring)
MPRegen 0.16/turn               (no ring)

@: lethally poisoned (-1 -> -17), on blink cooldown
A: no striking features
a: Renounce Religion


You were on level 5 of the Dungeon.
You worshipped Qazlal.
Qazlal was noncommittal.
You visited 1 branch of the dungeon, and saw 5 of its levels.

You collected 276 gold pieces.

Inventory:

Hand Weapons
 a - a +0 dagger
 d - the +8 longbow "Zephyr" (weapon) {speed, Dex+3 SInv}
   (You acquired it on level 1 of the Dungeon)

   Attacks with this weapon are significantly faster.
   Dex:       It affects your dexterity (+3).
   SInv:      It lets you see invisible.
 j - a +0 dagger of speed
 r - a +2 dagger of venom
 t - a +2 trident of freezing
Missiles
 f - 38 poisoned darts
 g - 116 stones
 s - 6 boomerangs of dispersal
Armour
 b - a +1 robe
 c - a +0 hat (worn)
 l - a +2 robe of willpower (worn)
 n - a +0 pair of gloves (worn)
Wands
 m - a wand of paralysis (3)
Scrolls
 p - a scroll of fear {unknown}
 u - a scroll of teleportation {unknown}
Potions
 h - 2 potions of brilliance
 i - 2 potions of might
 k - a potion of magic {unknown}
 o - a potion of curing {unknown}
 q - a potion of haste {unknown}


   Skills:
 + Level 2.2 Fighting
 + Level 0.7 Short Blades
 + Level 8.3 Bows
 + Level 3.9 Dodging
 + Level 3.8 Stealth
 + Level 6.3 Spellcasting
 + Level 1.7 Conjurations
 + Level 0.2 Hexes
 + Level 1.1 Summonings
 + Level 1.1 Translocations
 + Level 0.2 Evocations


You had one spell level left.
You knew the following spells:

 Your Spells              Type           Power      Damage    Failure   Level
a - Magic Dart            Conj           48%        1d5       5%          1
b - Slow                  Hex            24%        N/A       10%         1
c - Blink                 Tloc           20%        N/A       11%         2
d - Call Imp              Summ           10%        N/A       11%         2
e - Conjure Flame         Conj/Fire      9%         6-21      22%         3
f - Mephitic Cloud        Conj/Pois/Air  8%         N/A       26%         3
g - Alistair's Intoxicat  Tmut/Pois      4%         N/A       96%         5

Your spell library contained the following spells:

 Spells                   Type           Power      Damage    Failure   Level
 Ensorcelled Hibernation  Hex/Ice        12%        N/A       16%         2
 Tukima's Dance           Hex            6%         N/A       30%         3
 Ozocubu's Armour         Ice            6%         N/A       32%         3
 Borgnjor's Vile Clutch   Necr/Erth      3%         N/A       96%         5
 Eringya's Noxious Bog    Tmut/Pois      3%         N/A       100%        6
 Ozocubu's Refrigeration  Ice            3%         4d5       100%        7


Dungeon Overview and Level Annotations

Branches:
Dungeon (5/15)
 Temple: D:4-7

Altars:
Dithmenos
Hepliaklqana
Nemelex Xobeh
Qazlal
Ru
Uskayaw
Zin


Message History

The orc wizard hits you with a +2 dagger of venom.
You are poisoned.
Aiming: Magic Dart (safe; 5% risk of failure)
Press: ? - help, Q - select action, (/) - cycle Shift-Dir - straight line, f - orc wizard
Aim: an orc wizard, wielding a +2 dagger of venom and wearing a +0 robe (moderately wounded, slightly transparent, 100% to hit)
The magic dart hits the orc wizard but does no damage.
The orc wizard is moderately wounded.
You feel very sick. The orc wizard barely misses you.
Aiming: Magic Dart (safe; 5% risk of failure)
Press: ? - help, Q - select action, (/) - cycle Shift-Dir - straight line, f/p - orc wizard
Aim: an orc wizard, wielding a +2 dagger of venom and wearing a +0 robe (moderately wounded, slightly transparent, 100% to hit)
The magic dart hits the orc wizard but does no damage.
The orc wizard is moderately wounded.
You feel sick.
The orc wizard hits you with a +2 dagger of venom.
You are lethally poisoned!
Casting: Magic Dart (safe; 5% risk of failure)
Confirm with . or Enter, or press ? or * to list all spells.
Okay, then.
Casting: Magic Dart (safe; 5% risk of failure)
Confirm with . or Enter, or press ? or * to list all spells.
You blink.
* * * LOW HITPOINT WARNING * * *
You feel very sick.
The orc wizard hits you but does no damage.
You are more poisoned.
* * * LOW HITPOINT WARNING * * *
You feel very sick.
Casting: Blink (safe; 11% risk of failure)
Confirm with . or Enter, or press ? or * to list all spells.
You are still too unstable to blink.
Aiming: Paralyse
Press: ? - help, Shift-Dir - straight line, f/p - orc wizard
Aim: an orc wizard, wielding a +2 dagger of venom and wearing a +0 robe (moderately wounded, slightly transparent, chance to affect: 46%)
The orc wizard resists with some effort.
* * * LOW HITPOINT WARNING * * *
You feel very sick.
The orc wizard hits you with a +2 dagger of venom.
You die...

##### ##...##
##.....##
####.......# ####
##=.........# ....
##.........@o###..#
#......(...()(...#
#....=.......#)..#
#............##.##
#.....(......# .#
#............# .#
##.).........# .#
#.(..........# ..
#.(.....!........


You could see an orc wizard (invisible).

Vanquished Creatures
  Sigmund (D:2)
  An orc warrior (D:4)
  2 ogres (D:5)
  A black bear (D:4)
  A necrophage (D:4)
  2 jellies (D:4)
  3 orc wizards
  A hound skeleton (D:4)
  3 gnolls (D:3)
  4 adders
  3 worms
  A dart slug (D:4)
  10 orcs
  3 endoplasms
  4 giant cockroaches
  12 goblins
  6 hobgoblins
  5 jackals
  5 kobolds
  4 quokkas
  6 ball pythons
  11 bats
  A frilled lizard (D:2)
  A jackal skeleton (D:4)
  6 rats
97 creatures vanquished.

Notes
Turn   | Place    | Note
-------+----------+-------------------------------------------
     0 | D:1      | croobank the Deep Elf Hedge Wizard began the quest for the
                  | Orb.
     0 | D:1      | Reached XP level 1. HP: 10/10 MP: 7/7
   304 | D:1      | Learned a level 1 spell: Slow
   447 | D:1      | Reached XP level 2. HP: 15/15 MP: 4/9
  1038 | D:1      | Identified a scroll of acquirement
  1038 | D:1      | Acquired the +8 longbow "Zephyr" {speed, Dex+3 SInv}
  1038 | D:1      | Found the +8 longbow "Zephyr" {speed, Dex+3 SInv}
  1043 | D:1      | Reached skill level 5 in Spellcasting
  1068 | D:1      | Found a faded altar of an unknown god.
  1081 | D:1      | Learned a level 2 spell: Blink
  1084 | D:1      | Learned a level 2 spell: Call Imp
  1318 | D:2      | Found a shadowy altar of Dithmenos.
  1505 | D:2      | Reached XP level 3. HP: 19/19 MP: 11/11
  1554 | D:2      | Noticed Sigmund
  1557 | D:2      | Killed Sigmund
  1558 | D:2      | Reached skill level 3 in Bows
  1558 | D:2      | Reached XP level 4. HP: 24/24 MP: 12/14
  1558 | D:2      | Reached XP level 5. HP: 28/28 MP: 12/15
  1562 | D:2      | Learned a level 3 spell: Conjure Flame
  1566 | D:2      | Learned a level 3 spell: Mephitic Cloud
  1991 | D:3      | Reached skill level 1 in Fighting
  2126 | D:3      | Reached XP level 6. HP: 33/34 MP: 17/17
  2219 | D:3      | Found a sacrificial altar of Ru.
  2223 | D:3      | Reached skill level 4 in Bows
  2425 | D:3      | Learned a level 5 spell: Alistair's Intoxication
  2428 | D:3      | Found a hide-covered altar of Uskayaw.
  2431 | D:3      | Noticed a +0 hand axe
  2431 | D:3      | Noticed a +0 hand axe
  2758 | D:4      | Found Zin's Purification Station.
  2758 | D:4      | Found a glowing silver altar of Zin.
  2861 | D:4      | Found a sparkling altar of Nemelex Xobeh.
  2867 | D:4      | Found a hazy altar of Hepliaklqana.
  2867 | D:4      | Found a stormy altar of Qazlal.
  2867 | D:4      | Noticed an orc warrior
  2870 | D:4      | Found a transporter.
  2882 | D:4      | Found a transporter.
  2976 | D:4      | Killed an orc warrior
  2977 | D:4      | Reached skill level 5 in Bows
  3311 | D:4      | Became a worshipper of Qazlal Stormbringer
  3352 | D:4      | Reached skill level 6 in Bows
  3352 | D:4      | Reached XP level 7. HP: 39/39 MP: 18/18
  3796 | D:4      | Reached skill level 7 in Bows
  3857 | D:5      | Entered Level 5 of the Dungeon
  3885 | D:5      | Reached skill level 8 in Bows
  3896 | D:5      | Slain by an orc wizard

Illustrated notes

Levels and vault maps discovered:
D:1:      dpeg_arrival_another_circle, layout_basic,
          hellmonk_ecumenical_altar_blasted, minmay_curled_crystal,
          minmay_heptomino_l4
D:2:      layout_basic, basic_altar, grunt_decor_cap, uniq_sigmund
D:3:      layout_basic, nicolae_ru_great_annihilating_truth,
          dancing_weapons_uskayaw
D:4:      layout_loops_ring, zin_purify, gammafunk_temple_overflow_arena,
          minmay_misc_feat_rugged
D:5:      layout_rooms, gup_sewer_entry_bowl,
          lightli_ossuary_entry_decrepit_ruins, minmay_misc_feat_doors,
          minmay_misc_feat_rows, grunt_ministairs_5, minmay_misc_feat_iff,
          uniq_blork_the_orc

Skill      XL: |  1  2  3  4  5  6  7 |
---------------+----------------------+-----
Stealth        | 3 |  3.8
Spellcasting   | 5 6 |  6.3
Dodging        | 3 |  3.9
Bows           | 3 6 8 |  8.3
Fighting       | 1 2 |  2.2
Short Blades   | |  0.7
Conjurations   | |  1.7
Hexes          | |  0.2
Summonings     | |  1.1
Translocations | |  1.1
Evocations     | |  0.2

Action                   |  1- 3 |  4- 6 |  7- 9 || total
-------------------------+-------+-------+-------++-------
Melee: Dagger            |    22 |       |       ||    22
 Fire: Longbow           |    22 |    88 |    35 ||   145
 Cast: Magic Dart        |    25 |       |     5 ||    30
       Slow              |     1 |       |       ||     1
       Blink             |       |       |     2 ||     2
Evoke: Wand              |       |       |     2 ||     2
  Use: Scroll            |     3 |     3 |       ||     6
       Potion            |       |     1 |       ||     1
Armor: Robe              |     6 |     6 |     4 ||    16
Dodge: Dodged            |    16 |    30 |     5 ||    51

Table legend: (Time is in decaauts)
 A = Elapsed time spent in this place.
 B = Non-inter-level travel time spent in this place.
 C = Inter-level travel time spent in this place.
 D = Time resting spent in this place.
 E = Time spent auto-exploring this place.
 F = Levels seen in this place.
 G = Mean time per level.
                   A        B        C        D        E       F      G
               +--------+--------+--------+--------+--------+-----+--------+
         Total |   3893 |   3800 |     93 |    357 |   2383 |   5 |  778.6 |
       Dungeon |   3893 |   3800 |     93 |    357 |   2383 |   5 |  778.6 |
               +--------+--------+--------+--------+--------+-----+--------+

Top non-repeatable levels by time:
     D:1: 1284 daAuts
     D:4: 1096 daAuts
     D:3: 858 daAuts
     D:2: 618 daAuts
     D:5: 37 daAuts
